 Dungeon Crawl Stone Soup version 0.29-a0-397-g846e4a0bbc (webtiles) character file.

Game seed: 255598183181700555

4748 Ijustatesigmund the Destroyer (level 10, -7/74 HPs)
             Began as a Gnoll Conjurer on May 12, 2022.
             Was a Believer of Cheibriados.
             Mangled by a very large slime creature (21 damage)
             ... on level 10 of the Dungeon.
             The game lasted 00:32:05 (10842 turns).

Ijustatesigmund the Destroyer (Gnoll Conjurer)     Turns: 10842, Time: 00:32:06

Health: -7/74      AC: 13    Str: 14    XL:     10   Next: 46%
Magic:  4/21       EV: 16    Int: 27    God:    Cheibriados [**....]
Gold:   676        SH:  0    Dex: 16    Spells: 14/23 levels left

rFire   . . .      SeeInvis .   f - +2 rapier (protect)
rCold   . . .      Faith    .   (no shield)
rNeg    + . .      Spirit   .   a - +0 steam dragon scales
rPois   .          Reflect  .   l - +0 helmet
rElec   .          Harm     .   i - +1 cloak {rCorr}
rCorr   +          Rampage  .   (no gloves)
Will    .....                   (no boots)
Stlth   +++.......              q - macabre finger necklace {rN+}
HPRegen 0.22/turn               e - +4 ring of protection
MPRegen 0.17/turn               (no ring)
                                (no ring)

@: studying Dodging, very slow
A: fangs 1, strong nose, distributed training
a: Renounce Religion, Bend Time


You were on level 10 of the Dungeon.
You worshipped Cheibriados.
Cheibriados was pleased with you.
You visited 1 branch of the dungeon, and saw 10 of its levels.
You also visited: Ossuary.

You collected 676 gold pieces.

Inventory:

Hand Weapons
 f - a +2 rapier of protection (weapon)
 t - a +2 dagger of electrocution
 E - a +2 antimagic flail
Armour
 a - +0 steam dragon scales (worn)
 i - a +1 cloak of preservation (worn)
 l - a +0 helmet (worn)
 s - the +1 leather armour of the Sun {rElec}
   (You found it on level 5 of the Dungeon)

   rElec:     It insulates you from electricity.
Jewellery
 e - a +4 ring of protection (left hand)
 q - the macabre finger necklace (around neck) {rN+}
   (You found it on level 4 of the Dungeon)

   [amulet of nothing]

   It enables you to equip an extra ring.
   rN:        It protects you from negative energy.
Wands
 d - a wand of acid (9)
 n - a wand of flame (3)
 u - a wand of paralysis (11)
 D - a wand of iceblast (8)
Scrolls
 j - 2 scrolls of teleportation
 o - 2 scrolls of poison
 p - a scroll of immolation
 v - 2 scrolls of fear
 w - 3 scrolls of fog
 y - a scroll of magic mapping
 F - 3 scrolls of amnesia
 G - a scroll of identify
 I - a scroll of summoning
Potions
 b - 2 potions of magic
 c - 4 potions of flight
 g - a potion of ambrosia
 h - 3 potions of brilliance
 k - a potion of mutation
 m - 5 potions of attraction
 r - 4 potions of invisibility
 x - 2 potions of lignification
 z - 2 potions of berserk rage
 A - a potion of cancellation
 B - 3 potions of might
 C - 4 potions of heal wounds {unknown}
 H - a potion of curing


   Skills:
 + Level 5.3 Fighting
 + Level 5.3 Short Blades
 + Level 5.3 Long Blades
 + Level 5.3 Axes
 + Level 5.3 Maces & Flails
 + Level 5.3 Polearms
 + Level 5.3 Staves
 + Level 5.3 Slings
 + Level 5.3 Bows
 + Level 5.3 Crossbows
 + Level 5.3 Throwing
 + Level 5.3 Armour
 + Level 7.4 Dodging
 + Level 6.8 Stealth
 + Level 5.3 Shields
 + Level 5.3 Unarmed Combat
 + Level 7.4 Spellcasting
 + Level 8.4 Conjurations
 + Level 4.3 Hexes
 + Level 4.3 Summonings
 + Level 4.3 Necromancy
 + Level 4.3 Translocations
 + Level 4.3 Transmutations
 + Level 4.3 Fire Magic
 + Level 4.3 Ice Magic
 + Level 4.3 Air Magic
 + Level 4.3 Earth Magic
 + Level 4.3 Poison Magic
 + Level 5.8 Invocations
 + Level 5.3 Evocations


You had 14 spell levels left.
You knew the following spells:

 Your Spells              Type           Power      Damage    Failure   Level
a - Magic Dart            Conj           100%       1d8       1%          1
b - Searing Ray           Conj           100%       2d8       1%          2
c - Mephitic Cloud        Conj/Pois/Air  41%        N/A       1%          3
d - Ignite Poison         Fire/Tmut/Pois 33%        N/A       2%          3

Your spell library contained the following spells:

 Spells                   Type           Power      Damage    Failure   Level
 Apportation              Tloc           66%        N/A       1%          1
 Freeze                   Ice            100%       1d11      1%          1
 Shock                    Conj/Air       100%       1d9       1%          1
 Dazzling Flash           Conj/Hex       88%        N/A       1%          3
 Frozen Ramparts          Ice            66%        1d8       2%          3
 Swiftness                Air            33%        N/A       2%          3
 Fulminant Prism          Conj/Hex       22%        3d13      4%          4
 Hailstorm                Conj/Ice       44%        3d10      4%          4
 Iskenderun's Mystic Bla  Conj/Tloc      44%        2d10      4%          4
 Airstrike                Air            16%        N/A       10%         4
 Summon Lightning Spire   Summ/Air       33%        N/A       10%         4
 Lightning Bolt           Conj/Air       22%        1d37      11%         5
 Freezing Cloud           Conj/Ice/Air   20%        6-21      14%         5
 Alistair's Intoxication  Tmut/Pois      22%        N/A       26%         5


Dungeon Overview and Level Annotations

Branches:
Dungeon (10/15)            Temple (0/1) D:7             Orc (0/2) D:10
Ossuary (visited)
   Lair: D:8-11

Altars:
Cheibriados
Trog
Wu Jian
Beogh

Portals:
Trove: D:10 (give +5 demon blade)


Innate Abilities, Weirdness & Mutations

You have very sharp teeth.
Your uncanny sense of smell can sniff out nearby items.
Your experience applies equally to all skills.


Message History

The slime creature is engulfed in blazing flames.
Aiming: Iceblast
Press: ? - help, Shift-Dir - straight line, f - large slime creature
Aim: a large slime creature (flame, almost dead)
The mass of ice explodes!
The iceblast engulfs the large slime creature!
The large slime creature is almost dead.
The iceblast engulfs the slime creature!!
The slime creature is moderately wounded.
The iceblast engulfs the slime creature!
The slime creature is severely wounded.
The slime creature is engulfed in blazing flames.
Two slime creatures merge to form a very large slime creature.
Casting: Searing Ray (safe; 1% risk of failure)
Confirm with . or Enter, or press ? or * to list all spells.
Aiming: Searing Ray (safe; 1% risk of failure)
Press: ? - help, Shift-Dir - straight line, f/p - very large slime creature
Aim: a very large slime creature (severely wounded, 96% to hit)
The searing ray hits the slime creature!
The slime creature is almost dead.
The searing ray hits the very large slime creature!
The very large slime creature is severely wounded. (Press . to maintain the ray.)
The slime creature hits you.
The searing ray hits the very large slime creature!
The very large slime creature is almost dead.
The slime creature misses you.
The very large slime creature hits you!!!
Ouch! That really hurt!
* * * LOW HITPOINT WARNING * * *
The searing ray hits the very large slime creature!
The very large slime creature is almost dead.
The slime creature closely misses you.
The very large slime creature barely misses you.
The searing ray hits the very large slime creature!
The very large slime creature is almost dead.
You finish channelling your searing ray.
The slime creature barely misses you.
The very large slime creature hits you!!
You die...

#######......#.. .....#
#......#.. # ....# #......#..
#.#...# #......#..
....#######......#..
#..........#######'#.. .
+##.###..##..'.......#.. ..
....###JJ##..#.......'.. ...
#.....@.....#####..##..
....##......#'###....#..##..
#..........#...#..#.#......
#.##..........#...#..#.#...)..
#....####<....#...+..#.#......
#....#.....##.#...#..#.#......
#....#........#...#....#..##..
#....#....>...#####....#'###..
#....#.......##...#........#..


You could see a very large slime creature and a slime creature.

Vanquished Creatures
  Joseph (D:7)
  A troll (D:10)
  A hornet (D:9)
  A slime creature (D:10)
  Sigmund (D:4)
  4 yaks (D:10)
  A steam dragon (D:8)
  Eustachio (D:6)
  An acid dragon (D:4)
  5 black bears
  An ice beast (D:7)
  6 centaurs
  2 phantoms
  A necrophage (D:6)
  A bullfrog (D:8)
  A scorpion (D:7)
  A wight (D:4)
  5 killer bees (D:9)
  4 howler monkeys
  5 hounds
  7 orc priests
  A jelly (D:5)
  Crazy Yiuf (D:6)
  A gnoll shaman (D:5)
  3 iguanas
  6 orc wizards
  2 hound zombies (Ossuary)
  4 mummies (Ossuary)
  4 gnolls (D:5)
  7 adders
  A shadow imp (D:7)
  A white imp (D:5)
  An ufetubus (D:5)
  19 orcs
  8 ball pythons
  5 endoplasms
  5 giant cockroaches
  3 goblins
  10 hobgoblins
  10 jackals
  6 kobolds
  7 quokkas
  7 bats
  A frilled lizard (D:3)
  2 gnoll zombies (Ossuary)
  A goblin zombie (Ossuary)
  A hobgoblin zombie (Ossuary)
  A jackal zombie (Ossuary)
  3 kobold zombies (Ossuary)
  An orc zombie (Ossuary)
  7 rats
  A rat zombie (Ossuary)
181 creatures vanquished.

Notes
Turn   | Place    | Note
-------+----------+-------------------------------------------
     0 | D:1      | Ijustatesigmund the Gnoll Conjurer began the quest for the
                  | Orb.
     0 | D:1      | Reached XP level 1. HP: 13/13 MP: 6/6
   165 | D:1      | Reached XP level 2. HP: 19/19 MP: 5/7
   207 | D:1      | Learned a level 2 spell: Searing Ray
   604 | D:1      | Reached XP level 3. HP: 25/25 MP: 7/9
   606 | D:1      | Reached skill level 5 in Spellcasting
  1226 | D:2      | Reached skill level 1 in Invocations
  1297 | D:2      | Reached skill level 1 in Fighting
  1297 | D:2      | Reached skill level 1 in Short Blades
  1297 | D:2      | Reached skill level 1 in Long Blades
  1297 | D:2      | Reached skill level 1 in Axes
  1297 | D:2      | Reached skill level 1 in Maces & Flails
  1297 | D:2      | Reached skill level 1 in Polearms
  1297 | D:2      | Reached skill level 1 in Staves
  1297 | D:2      | Reached skill level 1 in Slings
  1297 | D:2      | Reached skill level 1 in Bows
  1297 | D:2      | Reached skill level 1 in Crossbows
  1297 | D:2      | Reached skill level 1 in Throwing
  1297 | D:2      | Reached skill level 1 in Armour
  1297 | D:2      | Reached skill level 1 in Shields
  1297 | D:2      | Reached skill level 1 in Unarmed Combat
  1297 | D:2      | Reached skill level 1 in Evocations
  1439 | D:2      | Found a faded altar of an unknown god.
  1441 | D:2      | Reached XP level 4. HP: 32/32 MP: 11/11
  2440 | D:4      | Noticed Sigmund
  2478 | D:3      | Learned a level 3 spell: Mephitic Cloud
  2608 | D:4      | Killed Sigmund
  2609 | D:4      | Reached skill level 1 in Hexes
  2609 | D:4      | Reached skill level 1 in Summonings
  2609 | D:4      | Reached skill level 1 in Necromancy
  2609 | D:4      | Reached skill level 1 in Translocations
  2609 | D:4      | Reached skill level 1 in Transmutations
  2609 | D:4      | Reached skill level 1 in Fire Magic
  2609 | D:4      | Reached skill level 1 in Ice Magic
  2609 | D:4      | Reached skill level 1 in Air Magic
  2609 | D:4      | Reached skill level 1 in Earth Magic
  2609 | D:4      | Reached skill level 1 in Poison Magic
  2609 | D:4      | Reached XP level 5. HP: 38/38 MP: 3/12
  2609 | D:4      | Reached XP level 6. HP: 44/44 MP: 3/13
  3045 | D:4      | Noticed an acid dragon
  3056 | D:4      | Killed an acid dragon
  3057 | D:4      | Reached skill level 5 in Dodging
  3392 | D:4      | Found the macabre finger necklace {rN+}
  3534 | D:5      | Entered Level 5 of the Dungeon
  3580 | D:5      | Reached XP level 7. HP: 50/50 MP: 11/15
  3612 | D:5      | Identified the +1 leather armour of the Sun {rElec}
  3661 | D:5      | Found an ornate altar of the Wu Jian Council.
  3746 | D:5      | Found a sand-covered staircase.
  3750 | Ossuary  | Entered an ossuary
  4152 | Ossuary  | Learned a level 3 spell: Ignite Poison
  4825 | D:5      | Reached skill level 5 in Stealth
  5230 | D:5      | Reached XP level 8. HP: 58/58 MP: 4/16
  5767 | D:5      | Found a snail-covered altar of Cheibriados.
  5775 | D:5      | Became a worshipper of Cheibriados the Contemplative
  5954 | D:6      | Found a bloodstained altar of Trog.
  6129 | D:6      | Noticed Eustachio
  6143 | D:6      | Killed Eustachio
  6512 | D:6      | Reached XP level 9. HP: 63/65 MP: 6/18
  6997 | D:6      | Found a runed translucent door.
  6998 | D:6      | Noticed Crazy Yiuf
  7004 | D:6      | Killed Crazy Yiuf
  7233 | D:7      | Reached * piety under Cheibriados
  7644 | D:7      | Found a staircase to the Ecumenical Temple.
  7741 | D:7      | Reached skill level 8 in Conjurations
  8004 | D:7      | Noticed Joseph
  8011 | D:7      | Killed Joseph
  8585 | D:8      | Reached skill level 5 in Invocations
  9389 | D:9      | Reached ** piety under Cheibriados
  9391 | D:9      | Reached XP level 10. HP: 73/73 MP: 1/20
 10094 | D:10     | Entered Level 10 of the Dungeon
 10094 | D:10     | Found a staircase to the Orcish Mines.
 10108 | D:10     | Reached skill level 5 in Fighting
 10108 | D:10     | Reached skill level 5 in Short Blades
 10108 | D:10     | Reached skill level 5 in Long Blades
 10108 | D:10     | Reached skill level 5 in Axes
 10108 | D:10     | Reached skill level 5 in Maces & Flails
 10108 | D:10     | Reached skill level 5 in Polearms
 10108 | D:10     | Reached skill level 5 in Staves
 10108 | D:10     | Reached skill level 5 in Slings
 10108 | D:10     | Reached skill level 5 in Bows
 10108 | D:10     | Reached skill level 5 in Crossbows
 10108 | D:10     | Reached skill level 5 in Throwing
 10108 | D:10     | Reached skill level 5 in Armour
 10108 | D:10     | Reached skill level 5 in Shields
 10108 | D:10     | Reached skill level 5 in Unarmed Combat
 10108 | D:10     | Reached skill level 5 in Evocations
 10750 | D:10     | Found a portal to a secret trove of treasure.
 10842 | D:10     | Mangled by a very large slime creature

Illustrated notes

Levels and vault maps discovered:
D:1:      sevenhm_arrival_forest_fort_small_3, layout_basic
D:2:      layout_basic, basic_ecumenical_altar, serial_bayou_pond_e
D:3:      layout_basic, minmay_pentangle
D:4:      layout_rooms, nicolae_hepliaklqana_hippocampus, serial_rivers,
          chequers_serial_rivers_small_a, chequers_serial_rivers_small_a,
          chequers_serial_rivers_marsh, chequers_serial_rivers_room_a,
          uniq_sigmund, uniq_menkaure
D:5:      layout_gridville, mainiacjoe_overflow_catwalk,
          lemuel_coloured_pillars_altar, enter_ossuary_5, grunt_decor_fettered
D:6:      layout_basic, mainiacjoe_overflow_24_doors, item_on_display_a,
          uniq_crazy_yiuf_cottage, uniq_eustachio
D:7:      layout_basic, temple_green, uniq_joseph
D:8:      layout_loops_cross
D:9:      layout_cave_pools
D:10:     layout_stronghold, lair_entry_dummy, minmay_orc_entry_temple_small,
          trove_entry_hex_spiral, ebering_ghost_inner_flame, uniq_maurice,
          uniq_gastronok

Skill      XL: |  1  2  3  4  5  6  7  8  9 10 |
---------------+-------------------------------+-----
Spellcasting   | 5 6 7 |  7.4
Invocations    | 1 2 3 4 5 |  5.8
Fighting       | 1 2 3 4 5 |  5.3
Short Blades   | 1 2 3 4 5 |  5.3
Long Blades    | 1 2 3 4 5 |  5.3
Axes           | 1 2 3 4 5 |  5.3
Maces & Flails | 1 2 3 4 5 |  5.3
Polearms       | 1 2 3 4 5 |  5.3
Staves         | 1 2 3 4 5 |  5.3
Slings         | 1 2 3 4 5 |  5.3
Bows           | 1 2 3 4 5 |  5.3
Crossbows      | 1 2 3 4 5 |  5.3
Throwing       | 1 2 3 4 5 |  5.3
Armour         | 1 2 3 4 5 |  5.3
Shields        | 1 2 3 4 5 |  5.3
Unarmed Combat | 1 2 3 4 5 |  5.3
Evocations     | 1 2 3 4 5 |  5.3
Hexes          | 1 2 3 4 |  4.3
Summonings     | 1 2 3 4 |  4.3
Necromancy     | 1 2 3 4 |  4.3
Translocations | 1 2 3 4 |  4.3
Transmutations | 1 2 3 4 |  4.3
Fire Magic     | 1 2 3 4 |  4.3
Ice Magic      | 1 2 3 4 |  4.3
Air Magic      | 1 2 3 4 |  4.3
Earth Magic    | 1 2 3 4 |  4.3
Poison Magic   | 1 2 3 4 |  4.3
Dodging        | 5 6 7 |  7.4
Stealth        | 5 6 |  6.8
Conjurations   | 8 |  8.4

Action                   |  1- 3 |  4- 6 |  7- 9 | 10-12 || total
-------------------------+-------+-------+-------+-------++-------
Melee: Dagger            |    25 |    59 |    44 |       ||   128
       Bite              |     2 |     3 |     8 |     6 ||    19
       Punch             |       |       |     3 |       ||     3
       Rapier            |       |       |    53 |    44 ||    97
 Cast: Magic Dart        |    40 |    16 |   105 |    13 ||   174
       Searing Ray       |     2 |     6 |    26 |     8 ||    42
       Mephitic Cloud    |       |     1 |    27 |    12 ||    40
       Ignite Poison     |       |       |    22 |    10 ||    32
Evoke: Wand              |       |       |     9 |     3 ||    12
  Use: Scroll            |     6 |     6 |    10 |       ||    22
       Potion            |       |     2 |       |       ||     2
 Stab: Sleeping          |     4 |     6 |     4 |       ||    14
       Confused          |       |       |     2 |       ||     2
Armor: Robe              |     6 |    29 |    26 |       ||    61
       Steam dragon scal |       |       |    12 |    21 ||    33
Dodge: Dodged            |    14 |    27 |   110 |    40 ||   191

Table legend: (Time is in decaauts)
 A = Elapsed time spent in this place.
 B = Non-inter-level travel time spent in this place.
 C = Inter-level travel time spent in this place.
 D = Time resting spent in this place.
 E = Time spent auto-exploring this place.
 F = Levels seen in this place.
 G = Mean time per level.
                   A        B        C        D        E       F      G
               +--------+--------+--------+--------+--------+-----+--------+
         Total |  11860 |  11636 |    224 |   3100 |   6808 |  11 | 1078.2 |
       Dungeon |  10814 |  10590 |    224 |   2311 |   6685 |  10 | 1081.4 |
       Ossuary |   1046 |   1046 |      0 |    789 |    123 |   1 | 1046.0 |
               +--------+--------+--------+--------+--------+-----+--------+

Top non-repeatable levels by time:
     D:6: 1609 daAuts
     D:7: 1376 daAuts
     D:8: 1362 daAuts
     D:5: 1242 daAuts
 Ossuary: 1046 daAuts
     D:3: 963 daAuts
     D:4: 956 daAuts
     D:1: 926 daAuts
    D:10: 887 daAuts
     D:9: 800 daAuts
     D:2: 687 daAuts
